Map: Ruins of Seras

Players

Nero

  • Race: Protoss Protoss

카미가제 - Winner!

  • Race: Protoss Protoss
  • League: Silver

VOD

Have the link to the VOD?

Description

Time

  • Played on: Jan. 25, 2016, 7:18 a.m.
  • Length: 14:05
Show
View Real Time Build Order
Export as new Build Order

Nero Protoss 

Build Orders: Nexus First 

Get SALT Encoding   

  12  0:01  Probe (Chrono Boost)  
  13  0:13  Probe (Chrono Boost)  
  14  0:20  Pylon  
  14  0:24  Probe (Chrono Boost)  
  15  0:38  Probe (Chrono Boost)  
  16  0:57  Probe (Chrono Boost)  
  17  1:04  Nexus  
  17  1:15  Gateway  
  17  1:23  Probe (Chrono Boost)  
  18  1:27  Assimilator  
  18  1:33  Probe (Chrono Boost)  
  19  1:44  Probe (Chrono Boost)  
  20  1:48  Pylon  
  20  1:54  Probe (Chrono Boost)  
  21  2:05  Probe (Chrono Boost)  
  21  2:06  Cybernetics Core  
  22  2:09  Gateway  
  22  2:15  Pylon  
  22  2:18  Probe (Chrono Boost)  
  22  2:21  Probe (Chrono Boost)  
  24  2:29  Probe (Chrono Boost)  
  25  2:32  Probe (Chrono Boost)  
  26  2:39  Probe (Chrono Boost)  
  26  2:42  Probe (Chrono Boost)  
  26  2:44  Forge  
  28  2:46  Assimilator  
  28  2:52  Mothership Core (Chrono Boost)  
  28  2:53  Probe (Chrono Boost)  
  28  2:57  Pylon  
  31  3:12  Probe x2 (Chrono Boost)  
  33  3:20  Photon Cannon  
  33  3:23  Photon Cannon, Probe (Chrono Boost)  
  33  3:26  Probe (Chrono Boost)  
  35  3:28  Adept  
  35  3:33  Probe (Chrono Boost)  
  38  3:40  Protoss Ground Weapons Level 1  
  38  3:42  Probe (Chrono Boost)  
  38  3:44  Probe (Chrono Boost)  
  38  3:47  Assimilator  
  39  3:56  Adept  
  39  3:57  Warp Gate  
  39  3:58  Probe x2 (Chrono Boost)  
  43  4:06  Assimilator  
  43  4:09  Probe x2 (Chrono Boost)  
  45  4:14  Gateway  
  45  4:16  Adept  
  47  4:17  Twilight Council  
  47  4:22  Probe x2 (Chrono Boost)  
  47  4:23  Adept  
  51  4:33  Probe x2 (Chrono Boost)  
  51  4:37  Pylon  
  53  4:43  Pylon  
  53  4:50  Photon Cannon  
  53  4:53  Stalker x2  
  53  4:58  Pylon  
  53  5:35  Stalker x2  
  57  5:36  Stalker  
  57  5:42  Probe x2 (Chrono Boost)  
  61  5:52  Probe (Chrono Boost)  
  61  5:54  Pylon  
  61  5:56  Gateway  
  61  6:28  Charge (Chrono Boost)  
  61  6:30  Probe (Chrono Boost)  
  63  6:33  Probe (Chrono Boost)  
  63  6:40  Probe (Chrono Boost)  
  63  6:43  Stargate, Probe (Chrono Boost)  
  63  6:46  Stargate  
  65  6:48  Gateway  
  64  7:06  Stalker x2  
  64  7:07  Stalker  
  70  7:21  Stalker  
  72  7:32  Nexus  
  72  7:33  Templar Archives  
  72  7:35  Forge, Assimilator  
  72  7:36  Forge, Assimilator  
  72  7:38  Pylon  
  72  7:42  Pylon  
  72  7:48  Stalker x2  
  72  7:50  Zealot x2  
  72  7:51  Zealot  
  82  8:02  Photon Cannon  
  82  8:12  Phoenix  
  82  8:13  Phoenix  
  82  8:14  Zealot x4  
  82  8:15  Zealot  
  94  8:29  Photon Cannon  
  94  8:30  Protoss Ground Weapons Level 2  
  89  8:37  Phoenix  
  89  8:38  Phoenix  
  87  8:41  Zealot  
  87  8:43  Zealot  
  87  8:44  Zealot x2  
  95  8:50  Pylon  
  95  8:59  Zealot  
  85  9:09  Zealot  
  79  9:10  Zealot x3  
  81  9:20  Phoenix  
  81  9:24  Probe  
  78  9:34  Probe  
  79  9:39  Photon Cannon  
  79  9:42  Zealot x2  
  79  9:45  Probe  
  81  9:50  Zealot x2  
  78  9:56  Probe  
  79  10:05  Zealot x2  
  79  10:06  Probe  
  82  10:19  Zealot x2  
  82  10:20  Zealot  
  84  10:26  Void Ray  
  84  10:27  Zealot  
  86  10:32  Probe  
  87  10:37  Gateway  
  87  10:41  Zealot  
  89  10:43  Probe  
  90  10:53  Probe  
  90  10:55  Zealot x2  
  99  10:57  Void Ray (Chrono Boost)  
  99  11:08  Void Ray (Chrono Boost)  
  103  11:13  Probe  
  103  11:17  Zealot x3  
  110  11:20  Gateway  
  110  11:23  Probe  
  109  11:34  Probe  
  110  11:41  Cybernetics Core  
  110  11:43  Zealot x2  
  110  11:44  Zealot  
  120  11:47  Void Ray (Chrono Boost)  
  120  11:49  Pylon  
  120  11:52  Pylon  
  120  11:55  Void Ray (Chrono Boost)  
  124  12:05  Gateway  
  124  12:07  Gateway  
  124  12:10  Gateway  
  123  12:16  Zealot x2  
  123  12:17  Zealot  
  121  12:59  Pylon  
  121  13:02  Pylon  
  121  13:04  Pylon  
  121  13:05  Pylon  
  119  13:06  Pylon  
  83  13:27  High Templar x3  
  83  13:28  High Templar x3  
  83  13:31  Photon Cannon  
  87  13:38  Pylon  
  87  13:40  Pylon  
  81  13:42  Pylon x2  
  81  13:43  Pylon  
  81  13:46  Pylon  
  75  13:48  Pylon  
Show
View Real Time Build Order
Export as new Build Order

카미가제 Protoss - Winner!

Build Orders:  

Get SALT Encoding   

  12  0:01  Probe (Chrono Boost)  
  13  0:11  Probe (Chrono Boost)  
  14  0:22  Probe (Chrono Boost)  
  14  0:26  Pylon  
  15  0:44  Probe (Chrono Boost)  
  15  0:47  Gateway  
  16  0:50  Assimilator  
  16  0:54  Probe (Chrono Boost)  
  17  1:00  Assimilator  
  17  1:05  Probe (Chrono Boost)  
  18  1:15  Probe (Chrono Boost)  
  19  1:26  Probe (Chrono Boost)  
  20  1:34  Cybernetics Core  
  20  1:36  Probe (Chrono Boost)  
  21  1:41  Pylon  
  21  1:47  Probe (Chrono Boost)  
  22  1:57  Probe (Chrono Boost)  
  23  2:08  Probe (Chrono Boost)  
  24  2:10  Stalker  
  24  2:11  Warp Gate (Chrono Boost)  
  26  2:19  Mothership Core  
  26  2:20  Gateway  
  28  2:49  Pylon  
  28  2:53  Probe  
  29  2:58  Pylon  
  29  3:07  Nexus  
  29  3:13  Pylon  
  29  3:18  Stargate  
  29  3:28  Pylon  
  29  3:31  Sentry x2  
  32  4:00  Gateway  
  32  4:01  Gateway  
  32  4:02  Oracle (Chrono Boost)  
  35  4:17  Robotics Facility  
  35  4:24  Twilight Council  
  35  4:26  Probe  
  35  4:27  Probe  
  37  4:42  Stalker  
  39  4:46  Probe  
  39  4:47  Probe  
  41  4:56  Probe  
  41  4:59  Probe  
  43  5:28  Stalker x2  
  47  5:32  Immortal (Chrono Boost)  
  47  5:33  Probe  
  47  5:34  Probe  
  53  5:37  Assimilator  
  53  5:41  Assimilator  
  53  5:42  Stalker  
  55  5:45  Probe  
  55  5:46  Probe  
  57  5:58  Probe x2  
  59  6:06  Observer (Chrono Boost)  
  60  6:15  Stalker x4  
  68  6:18  Probe x2  
  68  6:22  Pylon  
  68  6:25  Gateway  
  70  6:30  Probe  
  70  6:31  Probe  
  72  6:33  Gateway  
  72  6:42  Probe  
  72  6:43  Probe  
  72  6:44  Observer (Chrono Boost)  
  75  6:55  Probe x2  
  75  7:00  Stalker x3  
  75  7:01  Stalker  
  85  7:03  Observer (Chrono Boost)  
  86  7:14  Pylon  
  86  7:15  Blink (Chrono Boost), Pylon  
  86  7:17  Pylon  
  86  7:32  Immortal  
  90  7:51  Stalker x4  
  90  7:52  Stalker  
  100  8:11  Warp Prism  
  102  8:34  Stalker  
  102  8:35  Stalker x4  
  108  8:53  Pylon  
  108  8:55  Immortal, Pylon  
  110  8:56  Pylon  
  98  9:05  Nexus  
  98  9:07  Stalker x4  
  90  9:22  Stalker x2  
  84  9:32  Stalker x3  
  84  9:33  Stalker  
  92  9:40  Pylon  
  90  9:54  Stalker  
  90  9:55  Stalker  
  94  10:14  Stalker x4  
  89  10:24  Stalker x2  
  89  10:25  Probe  
  89  10:26  Probe x2  
  96  10:35  Probe  
  96  10:38  Sentry x2, Probe x2  
  96  10:39  Sentry x2  
  107  10:51  Stalker x2  
  111  11:09  Dark Shrine, Probe  
  111  11:11  Probe x2  
  113  11:16  Assimilator  
  113  11:18  Stalker x3, Assimilator  
  120  11:20  Probe  
  120  11:23  Probe x2  
  121  11:37  Stalker x3  
  127  11:43  Forge  
  127  11:46  Forge  
  127  12:01  Stalker x2  
  127  12:02  Stalker x3  
  137  12:17  Immortal  
  139  12:35  Dark Templar x4  
  147  12:51  Stalker x2  
  147  12:56  Immortal  
  131  13:19  Stalker x5  
  127  13:20  Stalker  
  109  13:39  Probe  
  110  13:48  Stalker x2  
  110  13:49  Stalker  
  116  13:55  Nexus  
  116  13:59  Stalker  
  116  14:00  Stalker  
Tags
 
League
Silver
Matchup
PvP
Replay Pack
rep
Add a new tag
Caveats
  • Supply blocks, unpowered buildings, or Contaminate may cause inaccurate times.
  • Supply counts are checked every 10 seconds.